Map: Neon Violet Square LE

Players

Blleak - Winner!

  • Race: Protoss Protoss
  • League: Gold
  • Spawn Location: 5:00

labilau

  • Race: Protoss Protoss
  • Spawn Location: 11:00

VOD

Have the link to the VOD?

Description

Time

  • Played on: Dec. 10, 2017, 1:11 p.m.
  • Length: 8:25
Show
View Real Time Build Order
Export as new Build Order

Blleak Protoss - Winner!

Build Orders: Nexus First 

Get SALT Encoding   

  12  0:01  Probe  
  13  0:13  Probe  
  14  0:27  Pylon  
  14  0:29  Probe  
  15  0:45  Probe (Chrono Boost)  
  16  0:55  Probe (Chrono Boost)  
  17  1:04  Nexus  
  17  1:15  Gateway  
  17  1:17  Assimilator  
  17  1:19  Probe  
  18  1:31  Probe  
  19  1:54  Assimilator  
  19  1:56  Probe  
  20  2:08  Probe (Chrono Boost)  
  21  2:20  Probe (Chrono Boost), Cybernetics Core  
  22  2:26  Probe  
  23  2:34  Probe  
  24  2:38  Probe  
  24  2:44  Pylon  
  25  2:46  Probe  
  25  2:50  Probe  
  27  2:54  Gateway  
  27  2:56  Warp Gate  
  27  2:57  Pylon  
  27  2:58  Stalker  
  27  3:01  Probe  
  27  3:04  Probe  
  31  3:19  Probe x2  
  33  3:27  Gateway  
  33  3:31  Probe, Gateway  
  33  3:32  Probe  
  35  3:52  Robotics Facility  
  35  3:55  Stalker  
  37  3:56  Stalker  
  39  4:04  Probe x2  
  39  4:06  Pylon  
  41  4:16  Probe x2  
  43  4:28  Stalker x2  
  47  4:33  Probe x2  
  47  4:36  Assimilator  
  49  4:41  Assimilator  
  49  4:43  Pylon  
  49  4:46  Shield Battery  
  49  4:47  Immortal, Shield Battery  
  53  5:06  Robotics Facility  
  53  5:14  Pylon  
  53  5:30  Forge  
  53  5:35  Twilight Council  
  53  5:39  Stalker x3  
  53  5:40  Stalker  
  53  5:42  Immortal  
  65  5:49  Pylon  
  65  6:00  Gateway x2  
  65  6:01  Probe x2  
  65  6:02  Gateway  
  67  6:13  Probe x2  
  67  6:16  Immortal  
  73  6:23  Protoss Ground Weapons Level 1  
  73  6:25  Probe x2  
  75  6:29  Sentry  
  75  6:30  Sentry  
  79  6:35  Stalker  
  79  6:38  Stalker  
  83  6:53  Warp Prism  
  85  7:14  Pylon  
  85  7:17  Pylon  
  85  7:20  Pylon  
  85  7:22  Pylon  
  55  8:01  Stalker x2  
  55  8:02  Stalker x5  
Show
View Real Time Build Order
Export as new Build Order

labilau Protoss 

Build Orders:  

Get SALT Encoding   

  12  0:03  Probe (Chrono Boost)  
  13  0:14  Probe (Chrono Boost)  
  14  0:22  Probe, Pylon  
  15  0:40  Probe  
  16  0:44  Gateway  
  16  0:49  Assimilator  
  16  0:52  Probe  
  17  1:07  Probe (Chrono Boost)  
  18  1:20  Probe  
  19  1:35  Pylon  
  19  1:39  Zealot  
  21  2:04  Probe  
  22  2:10  Cybernetics Core  
  22  2:16  Gateway  
  22  2:20  Pylon  
  22  2:23  Assimilator  
  22  2:31  Gateway  
  22  2:34  Gateway  
  22  2:38  Zealot  
  22  2:42  Pylon  
  24  2:46  Probe (Chrono Boost)  
  24  2:48  Warp Gate (Chrono Boost)  
  25  2:54  Probe (Chrono Boost)  
  26  2:58  Robotics Facility  
  26  3:05  Stalker  
  28  3:26  Stargate  
  28  3:40  Adept  
  30  3:47  Pylon  
  31  3:48  Observer  
  31  3:56  Shield Battery  
  31  4:26  Void Ray  
  35  4:40  Pylon  
  35  4:47  Observer  
  35  4:48  Probe  
  35  4:52  Stalker x2  
  39  4:53  Stalker  
  39  4:56  Zealot  
  45  5:00  Probe  
  46  5:12  Observer  
  47  5:25  Zealot  
  47  5:26  Zealot x2  
  47  5:27  Zealot  
  55  5:53  Pylon  
  55  5:55  Pylon  
  55  6:10  Void Ray  
  59  6:12  Probe (Chrono Boost)  
  59  6:15  Nexus  
  60  6:19  Adept  
  60  6:21  Adept x2  
  60  6:24  Probe (Chrono Boost)  
  67  6:26  Probe  
  67  6:29  Observer  
  69  6:58  Stalker  
  71  7:10  Pylon  
  71  7:11  Pylon x2  
  71  7:16  Assimilator  
  69  7:23  Void Ray  
  47  7:46  Adept x3  
  47  7:47  Adept  
  39  8:12  Adept  
  36  8:13  Stalker x2  
  36  8:14  Stalker  
Tags
 
League
Gold
Matchup
PvP
Spawn Locations
Cross Positions
Add a new tag
Caveats
  • Supply blocks, unpowered buildings, or Contaminate may cause inaccurate times.
  • Supply counts are checked every 10 seconds.